 Dungeon Crawl Stone Soup version 0.26-a0-812-g31a745ddcd (webtiles) character file.

Game seed: 6957221159612048184

139080 emiel the Transmogrifier (level 17, -7/133 HPs)
             Began as a Gnoll Wanderer on Nov 20, 2020.
             Was a High Priest of Cheibriados.
             Mangled by a +2 triple sword of pain (24 damage)
             ... on level 2 of the Elven Halls.
             The game lasted 00:59:44 (26936 turns).

emiel the Transmogrifier (Gnoll Wanderer)          Turns: 26936, Time: 00:59:44

Health: -7/133     AC: 32    Str: 33    XL:     17   Next: 27%
Magic:  17/32      EV: 16    Int: 23    God:    Cheibriados [*****.]
Gold:   206        SH: 16    Dex: 31    Spells: 12/38 levels left

rFire    + . .     SeeInvis +   L - +9 demon trident (spect)
rCold    + . .     Faith    .   c - +0 kite shield (curse)
rNeg     + . .     Spirit   .   i - +5 gold dragon scales
rPois    +         Reflect  .   G - +2 helmet {SInv}
rElec    .         Harm     .   p - +1 cloak
rCorr    .         Rampage  .   h - +0 pair of fencer's gloves {Riposte Dex+3}
MR       +....                  l - +0 pair of boots
Stlth    ..........             u - amulet of regeneration
HPRegen  0.72/turn              b - ring of positive energy
MPRegen  0.23/turn              W - ring of wizardry

@: very slightly contaminated, very slow
A: distributed training, fangs 1, strong nose
a: Bend Time, Temporal Distortion, Slouch, Step From Time, Renounce Religion


You were on level 2 of the Elven Halls.
You worshipped Cheibriados.
Cheibriados was extremely pleased with you.
You visited 5 branches of the dungeon, and saw 27 of its levels.

You collected 3923 gold pieces.
You spent 3717 gold pieces at shops.

Inventory:

Hand Weapons
 g - the +8 broad axe "Nirenuo" {vorpal, rC+ rN++ Int-5 Stlth+}
   (You found it on level 9 of the Dungeon)

   It inflicts extra damage upon your enemies.
   It affects your intelligence (-5).
   It protects you from cold.
   It greatly protects you from negative energy.
   It makes you more stealthy.
 L - a +9 spectral demon trident (weapon)
   (You took it off Urug on level 10 of the Dungeon)
Missiles
 a - 2 throwing nets
 H - 15 boomerangs (quivered)
 Q - 12 javelins
 R - 5 curare-tipped darts
Armour
 c - a cursed +0 kite shield (worn)
   (You found it on level 15 of the Dungeon)
 h - the +0 pair of fencer's gloves (worn) {Riposte Dex+3}
   (You bought it in a shop on level 6 of the Dungeon)

   It affects your dexterity (+3).
 i - +5 gold dragon scales (worn)
   (You found it on level 15 of the Dungeon)
 l - a +0 pair of boots (worn)
   (You found it on level 1 of the Elven Halls)
 p - a +1 cloak (worn)
   (You bought it in a shop on level 3 of the Elven Halls)
 G - a +2 helmet of see invisible (worn)
   (You acquired it on level 3 of the Lair of Beasts)
Magical Staves
 P - an uncursed staff of air
   (You found it on level 8 of the Dungeon)
Jewellery
 b - a ring of positive energy (left hand)
   (You found it on level 1 of the Dungeon)
 e - an uncursed ring of ice
   (You found it on level 4 of the Dungeon)
 f - an uncursed ring of protection from fire
   (You found it on level 5 of the Lair of Beasts)
 k - an uncursed ring of resist corrosion
   (You found it on level 15 of the Dungeon)
 u - an amulet of regeneration (around neck)
   (You bought it in a shop on level 2 of the Orcish Mines)
 U - an uncursed ring of flight
   (You found it on level 15 of the Dungeon)
 W - a ring of wizardry (right hand)
   (You bought it in a shop on level 5 of the Dungeon)
Wands
 n - a wand of disintegration (1)
   (You found it on level 4 of the Dungeon)
 v - a wand of digging (11)
   (You took it off a centaur warrior on level 15 of the Dungeon)
 B - a wand of polymorph (9)
   (You found it on level 4 of the Dungeon)
 D - a wand of flame (21)
   (You took it off Natasha on level 4 of the Dungeon)
 J - a wand of iceblast (27)
   (You found it on level 6 of the Dungeon)
 Y - a wand of enslavement (5)
   (You found it on level 4 of the Lair of Beasts)
Scrolls
 j - 2 scrolls of holy word
 m - 3 scrolls of fog
 t - 18 scrolls of teleportation
 x - 15 scrolls of remove curse
 z - 3 scrolls of blinking
 C - 9 scrolls of immolation
 E - 4 scrolls of enchant weapon
 K - 7 scrolls of magic mapping
 M - a scroll of brand weapon
 S - 4 scrolls of amnesia
 V - a scroll of fear
Potions
 d - 2 potions of might
 q - 12 potions of curing
 r - 5 potions of mutation
 w - a potion of heal wounds
 A - 3 potions of ambrosia
 F - 3 potions of cancellation
 I - 2 potions of attraction
 N - 3 potions of magic
 O - 3 potions of flight
 T - 3 potions of brilliance
 X - 2 potions of lignification
Miscellaneous
 s - a condenser vane (inert)
   (You bought it in a shop on level 2 of the Orcish Mines)
 y - a tin of tremorstones (2/2)
   (You bought it in a shop on level 2 of the Orcish Mines)


   Skills:
 + Level 12.2 Fighting
 + Level 11.4 Short Blades
 + Level 11.4 Long Blades
 + Level 11.4 Axes
 + Level 11.4 Maces & Flails
 + Level 11.4 Polearms
 + Level 11.4 Staves
 + Level 11.4 Slings
 + Level 11.4 Bows
 + Level 11.4 Crossbows
 + Level 12.2 Throwing
 + Level 11.4 Armour
 + Level 11.4 Dodging
 + Level 11.6 Stealth
 + Level 11.4 Shields
 + Level 11.4 Unarmed Combat
 + Level 11.4 Spellcasting
 + Level 9.7 Conjurations
 + Level 9.7 Hexes
 + Level 9.7 Summonings
 + Level 9.7 Necromancy
 + Level 9.7 Translocations
 + Level 12.6 Transmutations
 + Level 9.7 Fire Magic
 + Level 9.7 Ice Magic
 + Level 9.7 Air Magic
 + Level 9.7 Earth Magic
 + Level 9.7 Poison Magic
 + Level 12.3 Invocations
 + Level 11.4 Evocations


You had 12 spell levels left.
You knew the following spells:

 Your Spells              Type           Power        Failure   Level
a - Animate Dead          Necr           ######....   10%         4
b - Vampiric Draining     Necr           ######....   2%          3
c - Agony                 Necr           ######..     26%         5
d - Olgreb's Toxic Radia  Pois           ######..     10%         4
e - Mephitic Cloud        Conj/Pois/Air  ######..     2%          3
f - Blink                 Tloc           N/A          1%          2
g - Borgnjor's Vile Clut  Necr/Erth      ######....   26%         5

Your spell library contained the following spells:

 Spells                   Type           Power        Failure   Level
 Animate Skeleton         Necr           ######       1%          1
 Apportation              Tloc           ######       1%          1
 Corona                   Hex            ######.      1%          1
 Magic Dart               Conj           ####         1%          1
 Pain                     Necr           ####         1%          1
 Sting                    Tmut/Pois      ####         1%          1
 Summon Small Mammal      Summ           ####         1%          1
 Call Imp                 Summ           ######..     1%          2
 Poisonous Vapours        Pois/Air       ######       1%          2
 Slow                     Hex            ######..     1%          2
 Ignite Poison            Fire/Tmut/Pois ######..     1%          3
 Confusing Touch          Hex            ######..     2%          3
 Conjure Flame            Conj/Fire      ######..     2%          3
 Gell's Gravitas          Tloc           ######....   2%          3
 Petrify                  Tmut/Erth      ######..     5%          4
 Dispel Undead            Necr           ######..     10%         4
 Yara's Violent Unravell  Hex/Tmut       ######....   16%         5
 Bolt of Magma            Conj/Fire/Erth ######....   26%         5
 Iskenderun's Battlesphe  Conj           ######..     26%         5
 Metabolic Englaciation   Hex/Ice        ######....   26%         5
 Death Channel            Necr           ######....   78%         6
 Iron Shot                Conj/Erth      ######....   78%         6
 Haunt                    Necr/Summ      ######....   100%        7
 Orb of Destruction       Conj           ######....   100%        7
 Spellforged Servitor     Conj/Summ      ######....   100%        7
 Borgnjor's Revivificati  Necr           ######....   100%        8
 Infestation              Necr           ######....   100%        8
 Necromutation            Tmut/Necr      ######....   100%        8
 Death's Door             Necr           ######....   100%        9


Dungeon Overview and Level Annotations

Branches:
Dungeon (15/15)            Temple (1/1) D:7            Lair (6/6) D:10
  Swamp (0/4) Lair:2       Shoals (0/4) Lair:3        Slime (0/5) Lair:5
    Orc (2/2) D:10            Elf (3/3) Orc:2        Vaults (0/5) D:14
 Depths (0/5) D:15

Altars:
Ashenzari
Cheibriados
Dithmenos
Elyvilon
Fedhas
Gozag
Hepliaklqana
Kikubaaqudgha
Makhleb
Nemelex Xobeh
Okawaru
Qazlal
Ru
Sif Muna
Trog
Uskayaw
Vehumet
Wu Jian
Xom
Zin
The Shining One
Beogh

Shops:
D:4 *   D:5 *   D:6 [   D:15 }   Orc:2 [}:*?   Elf:1 [   Elf:3 *

Annotations:
Lair:5 1 runed translucent door, Bofex's ghost, journeyman OpTm
Elf:2 3 runed translucent doors
Elf:3 1 runed translucent door


Innate Abilities, Weirdness & Mutations

Your experience applies equally to all skills.
You have very sharp teeth.
Your uncanny sense of smell can sniff out nearby items.


Message History

The deep elf mage gestures wildly while chanting.
A +5 hand axe of flaming comes into view.
The deep elf knight shoots an arrow.
The arrow hits you but does no damage.
The +5 hand axe of flaming moves out of view.
You see here 2 arrows.
A +0 halberd of venom comes into view.
Your surroundings suddenly seem different.
A deep elf knight comes into view. It is wielding a +0 long sword.
The deep elf knight shouts!
A deep elf knight comes into view. It is wielding a +0 scimitar.
The deep elf knight shouts!
A +2 scimitar of holy wrath comes into view.
A +1 halberd of flaming comes into view.
A +2 triple sword of pain comes into view.
You block the deep elf knight's attack.
You block the +2 scimitar of holy wrath's attack.
The deep elf knight hits you with a +0 scimitar!
* * * LOW HITPOINT WARNING * * *
The +2 triple sword of pain hits you!!
You die...

#.... #....
#...#
#...##
#....#
#....## .
#..(..#....
#..@.......
#.(ee......
#..........
#..........
#...(......
#.....#....
#....###...
#....# ...


You could see 2 deep elf knights and 3 dancing weapons.

Vanquished Creatures
  Frances (D:13)
  Kirke (D:15)
  A deep elf sorcerer (Elf:3)
  A deep elf demonologist (Elf:1)
  3 deep elf annihilators (Elf:3)
  2 deep elf death magi (Elf:1)
  Josephine (D:13)
  A deep elf high priest (Elf:3)
  3 fire dragons
  Harold (D:9)
  3 vault guards (D:14)
  A boulder beetle (D:14)
  8 hydras
  3 centaur warriors
  9 dancing weapons
  A two-headed ogre (D:8)
  7 death yaks
  An orc high priest (Elf:1)
  The ghost of PeterMcNeter the Quickloader, a novice FoHu of Okawaru (D:9)
  A tengu warrior (D:14)
  The ghost of Bliebski the Insei, a novice OpTm of Gozag (D:9)
  The ghost of p0werm0de the Fighter, a novice GrFi of Gozag (D:9)
  Urug (D:10)
  A goliath frog (D:14)
  9 deep elf knights
  4 skeletal warriors
  The ghost of zikan the Unseen, a novice SpEn of Dithmenos (D:9)
  A lindwurm (Lair:6)
  12 deep elf archers
  3 orc knights
  8 ugly things
  Pikel (D:4)
  A necromancer (Elf:1)
  An oklob plant (Lair:5)
  2 orc sorcerers (Orc:2)
  42 deep elf magi
  6 cyclopes
  A manticore (D:14)
  A merfolk siren (Lair:3)
  Maurice (D:10)
  16 elephants
  2 centaur zombies
  5 black mambas
  Psyche (D:9)
  13 cane toads
  12 rime drakes
  2 torpor snails (Lair:6)
  13 komodo dragons
  A yaktaur (D:15)
  3 kobold demonologists
  3 trolls
  Prince Ribbit (D:5)
  19 blink frogs
  2 tyrant leeches (Lair:5)
  20 slime creatures
  2 meliai zombies
  10 dream sheep
  A spriggan (D:10)
  3 large abominations (Elf:1)
  4 wraiths (D:13)
  2 shadows
  A water elemental (Elf:3)
  13 wyverns
  26 yaks
  2 vampires
  An air elemental (Elf:3)
  7 hogs (D:15)
  A fire elemental (Elf:1)
  3 vampire mosquitoes (D:15)
  9 basilisks
  Grum (D:10)
  A warg (Orc:1)
  5 swamp worms
  4 acid dragons
  20 water moccasins
  A hell hound (D:14)
  36 orc warriors
  A swamp drake (Lair:6)
  6 ice beasts
  A sky beast (D:9)
  A phantom (D:11)
  4 black bears
  10 ogres
  2 necrophages (D:7)
  2 eyes of draining (D:10)
  14 wolves
  19 centaurs
  Blork the orc (D:4)
  5 big kobolds
  An elf zombie (Elf:1)
  21 bullfrogs
  A gnoll sergeant (D:10)
  2 earth elementals
  2 wyvern zombies
  2 wyvern skeletons
  4 scorpions
  17 killer bees
  17 wights
  2 howler monkeys
  An electric eel (Lair:3)
  A quasit (D:15)
  A bullfrog zombie (D:12)
  7 hounds
  3 gnoll shamans
  14 orc priests
  2 bullfrog skeletons
  4 centaur skeletons
  4 jellies (D:7)
  6 iguanas
  17 orc wizards
  7 hell rats (D:14)
  Natasha (thrice) (D:4)
  8 worker ants
  13 gnolls
  13 adders
  3 shadow imps
  An ufetubus (D:10)
  3 adder skeletons
  4 worms
  5 dart slugs
  8 leopard geckos
  77 orcs
  7 giant cockroaches
  15 goblins
  7 hobgoblins
  18 jackals
  19 kobolds
  6 quokkas
  A ball python (D:3)
  4 bats
  8 frilled lizards
  2 jackal skeletons
  A jackal zombie (D:6)
  A quokka skeleton (D:4)
  5 rats
848 creatures vanquished.

Vanquished Creatures (collateral kills)
  A vault guard (D:14)
  A lindwurm (Lair:6)
  2 elephants
  A cane toad (Lair:2)
  A rime drake (Lair:6)
  2 komodo dragons
  A blink frog (Lair:4)
  A water moccasin (Lair:2)
  A wolf (Lair:3)
11 creatures vanquished.

Vanquished Creatures (others)
  A dancing weapon (Elf:2)
  A swamp dragon (Lair:6)
  An ugly thing (D:14)
  28 fungi
  55 plants
86 creatures vanquished.

Grand Total: 945 creatures vanquished

Notes
Turn   | Place    | Note
-------+----------+-------------------------------------------
     0 | D:1      | emiel the Gnoll Wanderer began the quest for the Orb.
     0 | D:1      | emiel set off with the following items: a +2 dagger, 2
                  | curare-tipped darts, a +0 spear, a +0 robe, a scroll of
                  | teleportation
     0 | D:1      | Reached XP level 1. HP: 20/20 MP: 1/1
   334 | D:1      | Reached XP level 2. HP: 26/26 MP: 2/2
   927 | D:2      | Reached XP level 3. HP: 30/31 MP: 3/3
  1286 | D:2      | Reached skill level 1 in Invocations
  1332 | D:2      | Reached skill level 1 in Short Blades
  1332 | D:2      | Reached skill level 1 in Long Blades
  1332 | D:2      | Reached skill level 1 in Axes
  1332 | D:2      | Reached skill level 1 in Maces & Flails
  1332 | D:2      | Reached skill level 1 in Polearms
  1332 | D:2      | Reached skill level 1 in Staves
  1332 | D:2      | Reached skill level 1 in Slings
  1332 | D:2      | Reached skill level 1 in Bows
  1332 | D:2      | Reached skill level 1 in Crossbows
  1332 | D:2      | Reached skill level 1 in Armour
  1332 | D:2      | Reached skill level 1 in Dodging
  1332 | D:2      | Reached skill level 1 in Shields
  1332 | D:2      | Reached skill level 1 in Unarmed Combat
  1332 | D:2      | Reached skill level 1 in Spellcasting
  1332 | D:2      | Reached skill level 1 in Evocations
  1332 | D:2      | Reached XP level 4. HP: 38/38 MP: 5/5
  1935 | D:2      | Reached skill level 1 in Conjurations
  1935 | D:2      | Reached skill level 1 in Hexes
  1935 | D:2      | Reached skill level 1 in Summonings
  1935 | D:2      | Reached skill level 1 in Necromancy
  1935 | D:2      | Reached skill level 1 in Translocations
  1935 | D:2      | Reached skill level 1 in Fire Magic
  1935 | D:2      | Reached skill level 1 in Ice Magic
  1935 | D:2      | Reached skill level 1 in Air Magic
  1935 | D:2      | Reached skill level 1 in Earth Magic
  1935 | D:2      | Reached skill level 1 in Poison Magic
  2091 | D:2      | Found a burning altar of Makhleb.
  2465 | D:3      | Reached XP level 5. HP: 40/43 MP: 6/6
  3557 | D:4      | Noticed an ogre
  3561 | D:4      | Killed an ogre
  3561 | D:4      | Reached XP level 6. HP: 50/50 MP: 8/8
  3575 | D:4      | Found Gozag's Platinum Reserve.
  3663 | D:4      | Found an opulent altar of Gozag.
  3690 | D:4      | Reached skill level 5 in Fighting
  3690 | D:4      | Reached skill level 5 in Throwing
  3727 | D:4      | Noticed Blork the orc
  3733 | D:4      | Killed Blork the orc
  3826 | D:4      | Noticed Natasha
  3827 | D:4      | Killed Natasha
  3827 | D:4      | Reached XP level 7. HP: 56/56 MP: 10/10
  3861 | D:4      | Noticed Pikel
  3879 | D:4      | Killed Pikel
  3879 | D:4      | Reached XP level 8. HP: 63/63 MP: 10/12
  4005 | D:4      | Found a hide-covered altar of Uskayaw.
  4108 | D:4      | Found a shimmering blue altar of Sif Muna.
  4135 | D:4      | Noticed Natasha
  4136 | D:4      | Killed Natasha
  4425 | D:4      | Noticed Natasha
  4426 | D:4      | Killed Natasha
  4493 | D:5      | Entered Level 5 of the Dungeon
  4557 | D:5      | Found Erghunnakh's Assorted Antiques.
  4560 | D:5      | Bought a black potion for 22 gold pieces
  4560 | D:5      | Bought a smoky emerald potion for 22 gold pieces
  4560 | D:5      | Bought a scroll labelled FIERCH JI RIARCH for 25 gold
                  | pieces
  4560 | D:5      | Bought 2 smoky emerald potions for 45 gold pieces
  4560 | D:5      | Bought a wand of disintegration (11) for 100 gold pieces
  4793 | D:5      | Noticed Prince Ribbit
  4810 | D:5      | Killed Prince Ribbit
  5528 | D:6      | Found Edoamnoy's Antique Armour Boutique.
  5741 | D:6      | Reached XP level 9. HP: 48/69 MP: 14/14
  6685 | D:7      | Found a staircase to the Ecumenical Temple.
  6712 | D:7      | Got a pitted flail
  6787 | D:7      | Identified the +12 flail of Loacibaa {antimagic, Str+3}
                  | (You found it on level 7 of the Dungeon)
  6810 | Temple   | Entered the Ecumenical Temple
  6931 | Temple   | Became a worshipper of Cheibriados the Contemplative
  6955 | D:7      | Reached skill level 5 in Stealth
  7147 | D:7      | Found a sacrificial altar of Ru.
  7412 | D:7      | Found a radiant altar of Vehumet.
  7412 | D:7      | Found a shadowy altar of Dithmenos.
  7587 | D:7      | Reached skill level 5 in Invocations
  7618 | D:7      | Reached * piety under Cheibriados
  7699 | D:7      | Found an iron altar of Okawaru.
  7868 | D:8      | Noticed a two-headed ogre
  7874 | D:8      | Killed a two-headed ogre
  7874 | D:8      | Reached XP level 10. HP: 76/76 MP: 5/17
  7903 | D:8      | Reached skill level 5 in Short Blades
  7903 | D:8      | Reached skill level 5 in Long Blades
  7903 | D:8      | Reached skill level 5 in Axes
  7903 | D:8      | Reached skill level 5 in Maces & Flails
  7903 | D:8      | Reached skill level 5 in Polearms
  7903 | D:8      | Reached skill level 5 in Staves
  7903 | D:8      | Reached skill level 5 in Slings
  7903 | D:8      | Reached skill level 5 in Bows
  7903 | D:8      | Reached skill level 5 in Crossbows
  7903 | D:8      | Reached skill level 5 in Armour
  7903 | D:8      | Reached skill level 5 in Dodging
  7903 | D:8      | Reached skill level 5 in Shields
  7903 | D:8      | Reached skill level 5 in Unarmed Combat
  7903 | D:8      | Reached skill level 5 in Spellcasting
  7903 | D:8      | Reached skill level 5 in Evocations
  7975 | D:8      | Found a glowing silver altar of Zin.
  7976 | D:8      | Noticed an angel
  7980 | D:8      | Found a shimmering altar of Xom.
  8099 | D:8      | Reached ** piety under Cheibriados
  8181 | D:8      | Found a bloodstained altar of Trog.
  8604 | D:7      | Got a brightly glowing short sword
  8658 | D:9      | Found a sparkling altar of Nemelex Xobeh.
  8689 | D:9      | Noticed Psyche
  8692 | D:9      | Killed Psyche
  8692 | D:9      | Noticed a skeletal warrior
  8694 | D:9      | Noticed a skeletal warrior
  8704 | D:9      | Noticed a skeletal warrior
  8898 | D:10     | Entered Level 10 of the Dungeon
  8903 | D:10     | Found a staircase to the Orcish Mines.
  8903 | D:10     | Noticed Erica
  9091 | D:9      | Reached *** piety under Cheibriados
  9489 | D:10     | Noticed Erica
  9489 | D:10     | Erica changed into Erica the spriggan
  9498 | D:10     | Killed Erica the spriggan
  9499 | D:10     | Reached **** piety under Cheibriados
  9548 | D:10     | Noticed Grum
  9555 | D:10     | Killed Grum
  9634 | D:10     | Reached skill level 10 in Transmutations
  9679 | D:10     | Noticed a cyclops
  9711 | D:10     | Killed a cyclops
  9711 | D:10     | Reached XP level 11. HP: 25/84 MP: 3/19
  9821 | D:10     | Noticed Maurice
  9826 | D:10     | Killed Maurice
 10326 | D:10     | Found a staircase to the Lair.
 10336 | D:10     | Reached skill level 5 in Conjurations
 10336 | D:10     | Reached skill level 5 in Hexes
 10336 | D:10     | Reached skill level 5 in Summonings
 10336 | D:10     | Reached skill level 5 in Necromancy
 10336 | D:10     | Reached skill level 5 in Translocations
 10336 | D:10     | Reached skill level 5 in Fire Magic
 10336 | D:10     | Reached skill level 5 in Ice Magic
 10336 | D:10     | Reached skill level 5 in Air Magic
 10336 | D:10     | Reached skill level 5 in Earth Magic
 10336 | D:10     | Reached skill level 5 in Poison Magic
 10350 | D:10     | Noticed Urug
 10835 | D:10     | Killed Urug
 11029 | D:10     | Found a roughly hewn altar of Beogh.
 11098 | D:11     | Reached ***** piety under Cheibriados
 11505 | D:11     | Noticed a cyclops
 11676 | D:11     | Noticed a seven-headed hydra
 11683 | D:11     | Killed a seven-headed hydra
 11845 | D:11     | Killed a cyclops
 12049 | D:11     | Learned a level 4 spell: Animate Dead
 12053 | D:11     | Learned a level 3 spell: Vampiric Draining
 12220 | Lair:1   | Entered Level 1 of the Lair of Beasts
 12391 | Lair:1   | Reached XP level 12. HP: 94/94 MP: 22/22
 12974 | Lair:2   | Reached ****** piety under Cheibriados
 13811 | Lair:2   | Found a staircase to the Swamp.
 13999 | Lair:2   | Learned a level 5 spell: Agony
 14289 | Lair:3   | Reached XP level 13. HP: 97/101 MP: 20/24
 14325 | Lair:3   | Identified a scroll of acquirement
 14325 | Lair:3   | Acquired a +1 helmet of see invisible
 14367 | Lair:3   | Found a staircase to the Shoals.
 15061 | Lair:4   | Acquired 910 gold pieces
 15365 | D:9      | Noticed Harold
 15371 | D:9      | Killed Harold
 15490 | D:9      | Found a runed translucent gate.
 15490 | D:9      | Found a runed translucent gate.
 15490 | D:9      | Found a runed translucent gate.
 15490 | D:9      | Noticed zikan's ghost (novice SpEn)
 15491 | D:9      | Noticed PeterMcNeter's ghost (novice FoHu)
 15491 | D:9      | Noticed Bliebski's ghost (novice OpTm)
 15491 | D:9      | Noticed p0werm0de's ghost (novice GrFi)
 15521 | D:9      | Killed PeterMcNeter's ghost
 15525 | D:9      | Killed Bliebski's ghost
 15528 | D:9      | Killed zikan's ghost
 15535 | D:9      | Killed p0werm0de's ghost
 15543 | D:9      | Got an ancient broad axe
 15642 | D:9      | Found a hazy altar of Hepliaklqana.
 15753 | D:6      | Bought the +0 pair of fencer's gloves {Riposte Dex+3} for
                  | 1040 gold pieces
 15753 | D:6      | Found the +0 pair of fencer's gloves {Riposte Dex+3}
 15753 | D:6      | Bought a cloak for 117 gold pieces
 16342 | Lair:5   | Found a staircase to the Slime Pits.
 16594 | Lair:5   | Reached XP level 14. HP: 109/109 MP: 21/26
 16637 | Lair:5   | Reached skill level 10 in Fighting
 16637 | Lair:5   | Reached skill level 10 in Throwing
 16863 | Lair:5   | Found a runed translucent door.
 16864 | Lair:5   | Noticed Bofex's ghost (journeyman OpTm)
 16865 | Lair:5   | Identified the +2 spear "Noohetue" {pain, rN+ MR+ Str+2
                  | Dex-3}
 17432 | Lair:6   | Entered Level 6 of the Lair of Beasts
 17491 | Lair:6   | Reached skill level 10 in Invocations
 18005 | Lair:6   | Identified the +8 broad axe "Nirenuo" {vorpal, rC+ rN++
                  | Int-5 Stlth+} (You found it on level 9 of the Dungeon)
 19361 | D:12     | Reached skill level 10 in Stealth
 19362 | D:12     | Reached XP level 15. HP: 117/117 MP: 22/28
 19616 | D:12     | Learned a level 4 spell: Olgreb's Toxic Radiance
 19620 | D:12     | Learned a level 3 spell: Mephitic Cloud
 19897 | D:12     | Identified the cursed +3 short sword of Wytz {freeze, rF-
                  | rC+ Str+10 Stlth-} (You found it on level 7 of the Dungeon)
 20228 | D:13     | Noticed Josephine
 20231 | D:13     | Killed Josephine
 20429 | D:13     | Noticed Frances
 20435 | D:13     | Killed Frances
 21178 | D:14     | Reached skill level 10 in Short Blades
 21178 | D:14     | Reached skill level 10 in Long Blades
 21178 | D:14     | Reached skill level 10 in Axes
 21178 | D:14     | Reached skill level 10 in Maces & Flails
 21178 | D:14     | Reached skill level 10 in Polearms
 21178 | D:14     | Reached skill level 10 in Staves
 21178 | D:14     | Reached skill level 10 in Slings
 21178 | D:14     | Reached skill level 10 in Bows
 21178 | D:14     | Reached skill level 10 in Crossbows
 21178 | D:14     | Reached skill level 10 in Armour
 21178 | D:14     | Reached skill level 10 in Dodging
 21178 | D:14     | Reached skill level 10 in Shields
 21178 | D:14     | Reached skill level 10 in Unarmed Combat
 21178 | D:14     | Reached skill level 10 in Spellcasting
 21178 | D:14     | Reached skill level 10 in Evocations
 21328 | D:14     | Found a gate to the Vaults.
 22147 | D:15     | Entered Level 15 of the Dungeon
 22270 | D:15     | Found Hotum's Gadget Boutique.
 22282 | D:15     | Noticed Kirke
 22291 | D:15     | Killed Kirke
 22575 | D:15     | Reached XP level 16. HP: 97/125 MP: 27/30
 22590 | D:15     | Found a staircase to the Depths.
 23212 | Orc:1    | Entered Level 1 of the Orcish Mines
 23380 | Orc:2    | Entered Level 2 of the Orcish Mines
 23552 | Orc:2    | Found Heeheg's Assorted Antiques.
 23552 | Orc:2    | Found Zawuoblut's Book Boutique.
 23555 | Orc:2    | Found Jeec's Magic Scroll Shoppe.
 23556 | Orc:2    | Found Qenud's Gadget Shop.
 23655 | Orc:2    | Found Qenopsewk's Antique Armour Emporium.
 23740 | Orc:2    | Found a roughly hewn altar of Beogh.
 23806 | Orc:2    | Found a staircase to the Elven Halls.
 23923 | Orc:2    | Paralysed by an orc sorcerer for 4 turns
 24287 | Orc:2    | Bought a book of Minor Magic for 260 gold pieces
 24290 | Orc:2    | Learned a level 2 spell: Blink
 24291 | Orc:2    | Bought a scroll of magic mapping for 101 gold pieces
 24291 | Orc:2    | Bought a scroll of teleportation for 87 gold pieces
 24291 | Orc:2    | Bought a dented emerald amulet for 145 gold pieces
 24307 | Orc:2    | Bought a condenser vane for 520 gold pieces
 24307 | Orc:2    | Bought a tin of tremorstones (2/2) for 520 gold pieces
 24312 | Orc:2    | Bought a scroll of teleportation for 45 gold pieces
 24312 | Orc:2    | Bought a scroll of teleportation for 45 gold pieces
 24312 | Orc:2    | Bought a scroll of magic mapping for 52 gold pieces
 24312 | Orc:2    | Bought a scroll of enchant armour for 112 gold pieces
 24312 | Orc:2    | Bought a scroll of teleportation for 45 gold pieces
 24312 | Orc:2    | Bought a scroll of magic mapping for 52 gold pieces
 24534 | D:5      | Bought a small tourmaline ring for 125 gold pieces
 24774 | Elf:1    | Entered Level 1 of the Elven Halls
 24923 | Elf:1    | Identified the +6 quarterstaff "Edauju" {flame, MR+ Dex-4
                  | Stlth+}
 25120 | Elf:1    | Found the +2 robe of Vines {NoPotionHeal Regen+7}
 25150 | Elf:1    | Identified the Almanac of Darkness
 25158 | Elf:1    | Learned a level 5 spell: Borgnjor's Vile Clutch
 25205 | Elf:1    | Found Jetupag's Armour Emporium.
 25907 | Elf:2    | Found a runed translucent gate.
 25908 | Elf:2    | Found a runed translucent gate.
 25909 | Elf:2    | Found a runed translucent gate.
 26073 | Elf:3    | Entered Level 3 of the Elven Halls
 26286 | Elf:3    | Found a runed translucent door.
 26371 | Elf:3    | Reached XP level 17. HP: 106/133 MP: 8/32
 26569 | Elf:3    | Found Taoll's Assorted Antiques.
 26577 | Elf:3    | Bought a glowing cloak for 142 gold pieces
 26577 | Elf:3    | Bought a garnet ring for 95 gold pieces
 26928 | Elf:3    | HP: 3/133 [deep elf sorcerer/damnation (14)]
 26936 | Elf:2    | Mangled by a +2 triple sword of pain

Illustrated notes

Levels and vault maps discovered:
D:1:      psy_arrival_statuary, layout_loops_ring
D:2:      layout_basic, lemuel_coloured_pillars_altar
D:3:      layout_loops_ring, serial_bayou, serial_bayou_pond_c,
          serial_bayou_ford_a, serial_bayou_pond_b, serial_bayou_lagoon_a
D:4:      layout_loops_ring, nicolae_gozag_zags_fifth_avenue,
          eat_drink_and_be_merry_uskayaw, kennysheep_mini_moat, uniq_natasha,
          uniq_pikel, uniq_blork_the_orc
D:5:      layout_loops_cross, serial_shops, kennysheep_mini, uniq_prince_ribbit1
D:6:      layout_loops_corners, serial_shops, shop_statue, minmay_ogre_servants
D:7:      layout_rooms, nicolae_overflow_hidden_temple,
          nicolae_ru_great_annihilating_truth, kennysheep_okawaru_gauntlet,
          grunt_temple_overflow_open, minmay_temple_entry_butterflies,
          serial_co_window_serial, co_window_paths_a, co_window_paths_a,
          co_window_paths_a, co_window_paths_b, co_window_paths_b,
          co_window_corner_a, co_window_broadway_c, co_window_broadway_b,
          co_window_2corner, glass_columns_b, glass_columns_a, glass_columns_c,
          glass_columns_b, glass_columns_b
D:8:      layout_rooms, grunt_temple_overflow_order_and_chaos_1,
          overflow_temple_1_default
D:9:      layout_big_octagon, kennysheep_little_box, gammafunk_ghost_cemetery,
          basic_altar, uniq_psyche, uniq_harold
D:10:     layout_cave_pools, lair_entry_dummy, minmay_orc_entry_temple_small,
          serial_gnoll_camp, gnoll_camp_mini_loothouse, gnoll_camp_mini_hut,
          gnoll_camp_mini_hut, gnoll_camp_mini_basic, grums_kennel,
          gnoll_camp_mini_hut, uniq_maurice, uniq_urug, uniq_erica
D:11:     layout_irregular_city
D:12:     layout_cave_pools
D:13:     layout_stronghold, uniq_josephine, uniq_frances
D:14:     layout_gridville, lightli_vaults_fourway_checkpoint, special_room
          [special_room_mythical_zoo]
D:15:     grunt_enter_depths_hoard, layout_loops_ring, serial_shops,
          nicolae_shop_temple_entry_statues_fountains, grunt_decor_junction,
          uniq_kirke
Temple:   dpeg_three_leaves_temple
Lair:1:   layout_regular_city, chequers_serial_rivers_room_b,
          infiniplex_staircase_pool
Lair:2:   layout_misc_corridors, swamp_mist, st_stairs_11, beast_lair_carwin_11,
          serial_bayou_shore_b, grunt_megastairs_5
Lair:3:   layout_cave_shapes, elwin_shoals_entry_rooms, lemuel_fruit_tree
Lair:4:   layout_cave_shapes
Lair:5:   layout_hall_layers, slime_dummy, ebering_ghost_funeral_grove,
          worms_lemuel
Lair:6:   hangedman_lair_in_review, layout_long_grid, guppyfry_lair_end_dragon
Orc:1:    layout_caves
Orc:2:    st_orc_rangers, layout_diamond_mine, basic_altar, serial_shops, shop,
          nicolae_orc_lava_room
Elf:1:    minmay_elf_arrival_plus, layout_loops_cross, serial_shops, shop,
          minmay_elf_necromancy
Elf:2:    layout_gridlike, uniq_donald
Elf:3:    minmay_elf_hall_x, layout_gridlike, ebering_ghost_reflecting_pool,
          serial_shops, nicolae_shop_behind_doors

Skill      XL: |  1  2  3  4  5  6  7  8  9 10 11 12 13 14 15 16 |
---------------+-------------------------------------------------+-----
Invocations    | 1 2 3 4 5 6 7 8 9 10 11 12 | 12.3
Short Blades   | 1 2 3 4 5 6 7 8 9 10 11 | 11.4
Long Blades    | 1 2 3 4 5 6 7 8 9 10 11 | 11.4
Axes           | 1 2 3 4 5 6 7 8 9 10 11 | 11.4
Maces & Flails | 1 2 3 4 5 6 7 8 9 10 11 | 11.4
Polearms       | 1 2 3 4 5 6 7 8 9 10 11 | 11.4
Staves         | 1 2 3 4 5 6 7 8 9 10 11 | 11.4
Slings         | 1 2 3 4 5 6 7 8 9 10 11 | 11.4
Bows           | 1 2 3 4 5 6 7 8 9 10 11 | 11.4
Crossbows      | 1 2 3 4 5 6 7 8 9 10 11 | 11.4
Armour         | 1 2 3 4 5 6 7 8 9 10 11 | 11.4
Dodging        | 1 2 3 4 5 6 7 8 9 10 11 | 11.4
Shields        | 1 2 3 4 5 6 7 8 9 10 11 | 11.4
Unarmed Combat | 1 2 3 4 5 6 7 8 9 10 11 | 11.4
Spellcasting   | 1 2 3 4 5 6 7 8 9 10 11 | 11.4
Evocations     | 1 2 3 4 5 6 7 8 9 10 11 | 11.4
Conjurations   | 1 2 3 4 5 6 7 8 9 |  9.7
Hexes          | 1 2 3 4 5 6 7 8 9 |  9.7
Summonings     | 1 2 3 4 5 6 7 8 9 |  9.7
Necromancy     | 1 2 3 4 5 6 7 8 9 |  9.7
Translocations | 1 2 3 4 5 6 7 8 9 |  9.7
Fire Magic     | 1 2 3 4 5 6 7 8 9 |  9.7
Ice Magic      | 1 2 3 4 5 6 7 8 9 |  9.7
Air Magic      | 1 2 3 4 5 6 7 8 9 |  9.7
Earth Magic    | 1 2 3 4 5 6 7 8 9 |  9.7
Poison Magic   | 1 2 3 4 5 6 7 8 9 |  9.7
Stealth        | 3 4 5 6 7 8 9 10 11 | 11.6
Fighting       | 5 6 7 8 9 10 11 12 | 12.2
Throwing       | 5 6 7 8 9 10 11 12 | 12.2
Transmutations | 9 10 11 12 | 12.6

Action                   |  1- 3 |  4- 6 |  7- 9 | 10-12 | 13-15 | 16-18 || total
-------------------------+-------+-------+-------+-------+-------+-------++-------
Melee: Dagger            |    54 |   126 |    10 |       |       |       ||   190
       Bite              |     5 |    23 |    41 |    77 |   123 |    42 ||   311
       Whip              |       |       |   276 |       |       |       ||   276
       Punch             |       |       |     7 |    15 |    50 |       ||    72
       Flail             |       |       |    39 |   198 |       |       ||   237
       Demon trident     |       |       |       |   251 |   581 |   310 ||  1142
Throw: Dart              |    16 |    33 |    15 |     7 |       |       ||    71
       Javelin           |       |       |    15 |    19 |       |    39 ||    73
       Boomerang         |       |       |     3 |    35 |    22 |    64 ||   124
       Throwing net      |       |       |       |     2 |       |       ||     2
 Cast: Animate Dead      |       |       |       |    14 |    41 |     5 ||    60
       Vampiric Draining |       |       |       |     2 |       |       ||     2
       Olgreb's Toxic Ra |       |       |       |       |       |     6 ||     6
       Borgnjor's Vile C |       |       |       |       |       |     2 ||     2
Invok: Slouch            |       |       |       |     4 |     5 |     2 ||    11
       Temporal Distorti |       |       |       |     2 |     7 |    20 ||    29
Evoke: Wand              |       |     2 |    10 |    28 |    31 |     2 ||    73
       Tin of tremorston |       |       |       |       |       |     2 ||     2
       Condenser vane    |       |       |       |       |       |     2 ||     2
  Use: Scroll            |       |     4 |    11 |    18 |    17 |    12 ||    62
       Potion            |       |       |       |     7 |     3 |     3 ||    13
 Stab: Sleeping          |     3 |     6 |     4 |     4 |    28 |       ||    45
       Paralysed         |       |       |    11 |       |       |       ||    11
       Distracted        |       |       |       |     1 |    21 |     6 ||    28
       Invisible         |       |       |       |       |     3 |       ||     3
Armor: Robe              |    12 |     6 |       |       |       |       ||    18
       Ring mail         |       |    24 |    28 |       |       |       ||    52
       Chain mail        |       |       |    36 |    88 |       |       ||   124
       Skin              |       |       |       |    42 |       |       ||    42
       Scale mail        |       |       |       |    45 |    84 |       ||   129
       Gold dragon scale |       |       |       |       |       |    76 ||    76
Dodge: Dodged            |    20 |    74 |   187 |   491 |   384 |   116 ||  1272
Block: Kite shield       |       |       |       |       |    14 |   206 ||   220
       Rpst.: Demon trident |       |       |       |       |    71 |    22 ||    93

Table legend: (Time is in decaauts)
 A = Elapsed time spent in this place.
 B = Non-inter-level travel time spent in this place.
 C = Inter-level travel time spent in this place.
 D = Time resting spent in this place.
 E = Time spent auto-exploring this place.
 F = Levels seen in this place.
 G = Mean time per level.
                   A        B        C        D        E       F      G
               +--------+--------+--------+--------+--------+-----+--------+
         Total |  38151 |  34456 |   3695 |   5876 |  22146 |  27 | 1413.0 |
       Dungeon |  22486 |  20290 |   2196 |   4067 |  12313 |  15 | 1499.1 |
        Temple |    137 |    122 |     15 |      0 |     67 |   1 |  137.0 |
          Lair |  10037 |   9153 |    884 |   1440 |   6277 |   6 | 1672.8 |
  Orcish Mines |   2319 |   1891 |    428 |     63 |   1425 |   2 | 1159.5 |
   Elven Halls |   3170 |   3000 |    170 |    305 |   2064 |   3 | 1056.7 |
               +--------+--------+--------+--------+--------+-----+--------+

Top non-repeatable levels by time:
  Lair:6: 2726 daAuts
    D:10: 2657 daAuts
    D:14: 1994 daAuts
   Orc:2: 1976 daAuts
    D:13: 1937 daAuts
  Lair:1: 1928 daAuts
    D:11: 1865 daAuts
     D:6: 1692 daAuts
  Lair:5: 1686 daAuts
    D:15: 1561 daAuts
  Lair:4: 1547 daAuts
     D:9: 1504 daAuts
     D:2: 1495 daAuts
     D:7: 1468 daAuts
     D:3: 1413 daAuts
